 Dungeon Crawl Stone Soup version 0.32-a0-900-g30fb1b0edc (webtiles) character file.

Game seed: 12275485743801201053

15 RBrandon the Chopper (level 2, 0/24 HPs)
             Began as a Coglin Berserker on Apr 5, 2024.
             Was a Follower of Trog.
             Slain by a gnoll
             ... wielding a +0 spear
              (4 damage)
             ... on level 1 of the Dungeon.
             The game lasted 00:00:43 (568 turns).

RBrandon the Chopper (Coglin Berserker)              Turns: 568, Time: 00:00:44

Health: 0/24       AC:  6    Str: 17    XL:     2   Next: 50%
Magic:  2/2        EV: 10    Int:  6    God:    Trog [*.....]
Gold:   32         SH:  0    Dex: 13    Spells: 1/1 levels left

rFire   . . .        a - +0 hand axe {Zdislav}
rCold   . . .        c - +0 dagger {Tiberius}
rNeg    . . .        j - +0 ring mail
rPois   .            i - +0 helmet
rElec   .            (no cloak)
rCorr   .            (no gloves)
SInv    .            (no boots)
Will    .....        (amulet unavailable)
Stlth   +            (ring unavailable)
HPRegen 0.24/turn    (ring unavailable)
MPRegen 0.08/turn    (no gizmo)

%: no passive effects
@: revved
A: off-hand wielding, slow wielding, warmup strikes, no jewellery
a: Invent Gizmo, Renounce Religion, Berserk


You were on level 1 of the Dungeon.
You worshipped Trog.
Trog was aware of your devotion.
You visited 1 branch of the dungeon, and saw 1 of its levels.

You collected 32 gold pieces.

Inventory:

Hand Weapons
 a - a +0 hand axe (weapon) {Zdislav}
 c - a +0 dagger (offhand) {Tiberius}
Armour
 i - a +0 helmet (worn)
 j - a +0 ring mail (worn)
Scrolls
 e - 2 scrolls of immolation {unknown}
 f - a scroll of identify {unknown}
 g - a scroll of teleportation {unknown}
Potions
 b - a potion of curing {unknown}
 d - a potion of degeneration {unknown}


   Skills:
 + Level 3.2 Fighting
 * Level 3.5 Axes
 - Level 1.8 Armour
 - Level 1.8 Dodging


You had one spell level left.
You didn't know any spells.
Your spell library was empty.

Dungeon Overview and Level Annotations

Branches:
Dungeon (1/15)

Altars:


Innate Abilities, Weirdness & Mutations

You can wield a second weapon in your off-hand.
It takes a long time for you to wield or remove held weapons.
Your first few attacks do less damage.
You cannot equip rings or amulets.


Message History

You slash the endoplasm with your +0 hand axe!
You kill the endoplasm!
Trog accepts your kill.
You see here a +0 ring mail.
j - a +0 ring mail You start removing your armour.
You continue removing your +0 leather armour. x4
You finish removing your +0 leather armour.
You start putting on your armour.
You continue putting on your +0 ring mail. x5
You finish putting on your +0 ring mail.
You drop a +0 animal skin.
You drop a +0 leather armour.
b - a bubbling white potion You open the door.
There is an open door here.
A gnoll comes into view. It is wielding a +0 spear.
A gnoll is nearby!
There is an open door here.
The gnoll hits you with a +0 spear.
You completely miss the gnoll with your +0 dagger.
You hit the gnoll but do no damage. The gnoll hits you with a +0 spear.
You hit the gnoll with your +0 dagger.
The gnoll is lightly wounded.
You hit the gnoll with your +0 hand axe.
The gnoll hits you with a +0 spear!
* * * LOW HITPOINT WARNING * * *
You completely miss the gnoll with your +0 hand axe.
The gnoll is moderately wounded.
You hit the gnoll with your +0 dagger. The gnoll hits you with a +0 spear.
* * * LOW HITPOINT WARNING * * *
You hit the gnoll with your +0 dagger.
The gnoll is heavily wounded.
You hit the gnoll with your +0 hand axe.
The gnoll hits you with a +0 spear.
* * * LOW HITPOINT WARNING * * *
You hit the gnoll with your +0 dagger.
The gnoll is almost dead.
You hit the gnoll but do no damage. The gnoll hits you with a +0 spear.
You die...

####.##.......#
#........##.### ..
#.##.#...##.# .#
#.##......#.# .##
#.##........# ..# ##
#.##.......## ##.##..##
#.##.......# ##.......#
#.###.....####.........
#.###.....@g.'.........
#.........####.........
#####.##.### ##.......#
#......# ##.....##
#...##.# #...##
##..##.# #+## #.....#
#.# ##[#### #.#
###.##### ##.##


You could see a gnoll.

Vanquished Creatures
  2 dart slugs (D:1)
  A bat (D:1)
  2 endoplasms (D:1)
  A giant cockroach (D:1)
  2 goblins (D:1)
  2 frilled lizards (D:1)
10 creatures vanquished.

Notes
Turn   | Place    | Note
-------+----------+-------------------------------------------
     0 | D:1      | RBrandon the Coglin Berserker began the quest for the Orb.
     0 | D:1      | Reached XP level 1. HP: 18/18 MP: 1/1
   234 | D:1      | Reached XP level 2. HP: 19/24 MP: 2/2
   568 | D:1      | Slain by a gnoll

Illustrated notes

Levels and vault maps discovered:
D:1:      minmay_arrival_nine_rooms, layout_loops_corners,
          amcnicky_mini_corridor_feature

Action                     || total
---------------------------++-------
  Melee: Hand axe          ||    21
         Dagger            ||    21
   Stab: Sleeping          ||     1
 Armour: Animal skin       ||     8
         Ring mail         ||     6
         Leather armour    ||     1
  Dodge: Dodged            ||     8

Table legend: (Time is in decaauts)
 A = Elapsed time spent in this place.
 B = Non-inter-level travel time spent in this place.
 C = Inter-level travel time spent in this place.
 D = Time resting spent in this place.
 E = Time spent auto-exploring this place.
 F = Levels seen in this place.
 G = Mean time per level.
                   A        B        C        D        E       F      G
               +--------+--------+--------+--------+--------+-----+--------+
         Total |    569 |    558 |     11 |      0 |    430 |   1 |  569.0 |
       Dungeon |    569 |    558 |     11 |      0 |    430 |   1 |  569.0 |
               +--------+--------+--------+--------+--------+-----+--------+

Top non-repeatable levels by time:
     D:1: 569 daAuts

Levels and vault maps discovered:
D:1:      minmay_arrival_nine_rooms, layout_loops_corners,
          amcnicky_mini_corridor_feature

Table legend: (Time is in decaauts)
 A = Elapsed time spent in this place.
 B = Non-inter-level travel time spent in this place.
 C = Inter-level travel time spent in this place.
 D = Time resting spent in this place.
 E = Time spent auto-exploring this place.
 F = Levels seen in this place.
 G = Mean time per level.
                   A        B        C        D        E       F      G
               +--------+--------+--------+--------+--------+-----+--------+
         Total |    569 |    558 |     11 |      0 |    430 |   1 |  569.0 |
       Dungeon |    569 |    558 |     11 |      0 |    430 |   1 |  569.0 |
               +--------+--------+--------+--------+--------+-----+--------+

Top non-repeatable levels by time:
     D:1: 569 daAuts

Table legend:
 A = Kills in this place as a percentage of kills in the entire game.
 B = Kills by you in this place as a percentage of kills by you in the entire game.
 C = Kills by friends in this place as a percentage of kills by friends in the entire game.
 D = Other kills in this place as a percentage of other kills in the entire game.
 E = Experience gained in this place as a percentage of experience gained in the entire game.
 F = Experience gained in this place divided by the number of levels of this place that you have seen.
                   A       B       C       D       E      F
               +-------+-------+-------+-------+-------+----------------------
         Total | 100.0 | 100.0 |   N/A |   N/A | 100.0 |  22.0
       Dungeon | 100.0 | 100.0 |   N/A |   N/A | 100.0 |  22.0
               +-------+-------+-------+-------+-------+----------------------
